 Dungeon Sprint DCSS version 0.21.1-1-g345015f (webtiles) character file.

150 wilfster70 the Protected (level 7, -4/73 HPs)
             Began as a Deep Dwarf Fighter on Mar 2, 2018.
             Was an Elder of Makhleb.
             Slain by the 27-headed Lernaean hydra (8 damage)
             ... in the Dungeon (Sprint VI: "Thunderdome").
             The game lasted 00:07:47 (752 turns).

wilfster70 the Protected (Deep Dwarf Fighter)        Turns: 752, Time: 00:07:47

Health: -4/73      AC: 10    Str: 21    XL:     7   Next: 65%
Magic:  5/5        EV: 12    Int:  9    God:    Makhleb [****..]
Gold:   88         SH: 11    Dex: 12    Spells: 6/6 levels left

rFire    . . .     SeeInvis .   a - +0 war axe
rCold    . . .     Gourm    .   c - +0 shield
rNeg     . . .     Faith    .   b - +0 scale mail
rPois    .         Spirit   .   (no helmet)
rElec    .         Reflect  .   (no cloak)
rCorr    .         Harm     .   (no gloves)
MR       +....     NoTele   +   l - +1 pair of boots of the Desolation of Salt {Stlth+}
Stlth    +.........             (no amulet)
HPRegen  0.00/turn              (no ring)
MPRegen  0.09/turn              (no ring)

@: non-regenerating
A: damage resistance, heal wounds, sense surroundings 1, no regeneration
a: Heal Wounds, Minor Destruction, Lesser Servant of Makhleb, Major Destruction,
Renounce Religion


You were in the Dungeon.
You worshipped Makhleb.
Makhleb was greatly pleased with you.
You were not hungry.

You visited 1 branch You collected 420 gold pieces.
You spent 332 gold pieces at shops.

Inventory:

Hand Weapons
 a - a +0 war axe (weapon)
Missiles
 m - 8 stones (quivered)
Armour
 b - a +0 scale mail (worn)
 c - a +0 shield (worn)
 l - the +1 pair of boots of the Desolation of Salt (worn) {Stlth+}
   (You bought it in a shop in the Dungeon)

   It makes you more stealthy.
Wands
 o - a wand of acid (5)
 p - a wand of iceblast (5)
Scrolls
 k - 4 scrolls of blinking
 q - 3 scrolls of fog
Potions
 d - a potion of might
 e - a potion of curing
 g - 4 potions of heal wounds
 h - 4 potions of haste
 i - 2 potions of magic
 j - a potion of berserk rage
 n - a potion of resistance
Comestibles
 f - a ration


   Skills:
 + Level 7.9 Fighting
 + Level 9.0 Axes
 + Level 9.4 Armour
 + Level 5.9 Dodging
 + Level 9.4 Shields


You had 6 spell levels left.
You didn't know any spells.

Dungeon Overview and Level Annotations

Branches:
Dungeon (1/1)

Altars:
Cheibriados
Dithmenos
Fedhas
Gozag
Kikubaaqudgha
Makhleb
Okawaru
Qazlal
Ru
Sif Muna
Trog
Uskayaw
Vehumet
Wu Jian
Xom
Yredelemnul
Zin
The Shining One
Beogh
Jiyva
Lugonu

Shops:
D *[%??*?*:[((!!!!

Annotations:
D Lernaean hydra


Innate Abilities, Weirdness & Mutations

You are resistant to damage.
You can heal yourself by infusing magical energy.
You passively map a small area around you.
You do not regenerate.


Message History

The 27-headed Lernaean hydra bites your ynoxinul but does no damage.
The 27-headed Lernaean hydra bites your ynoxinul!
The 27-headed Lernaean hydra bites your ynoxinul.
Your ynoxinul dies!
The 27-headed Lernaean hydra bites you!
You block the 27-headed Lernaean hydra's attack.
The 27-headed Lernaean hydra misses you.
The 27-headed Lernaean hydra bites you! x4
* * * LOW HITPOINT WARNING * * *
The 27-headed Lernaean hydra bites you but does no damage.
The 27-headed Lernaean hydra bites you!
* * * LOW HITPOINT WARNING * * *
The 27-headed Lernaean hydra barely misses you.
The 27-headed Lernaean hydra bites you.
The 27-headed Lernaean hydra bites you but does no damage.
You block the 27-headed Lernaean hydra's attack.
The 27-headed Lernaean hydra bites you.
* * * LOW HITPOINT WARNING * * *
The 27-headed Lernaean hydra bites you!
You die...

##### ##⌠⌠⌠## #.....# ##.....##
##∩.....∩## #∩.......∩#
#_......._# #_......._#
#_..@D..._# ###...).....###
#⌠...........⌠#
######.8.........8.######
##∩___...(..###....))___∩##
###∩........8.# #.8........∩###
##.............###.............#
#⌠..........###...###..........⌠
#⌠..........# #.<%# #..........⌠


You could see the 27-headed Lernaean hydra.

Vanquished Creatures
  A gargoyle (D)
  An orc warrior (D)
  3 big kobolds (D)
  Blork the orc (D)
  An earth elemental (D)
  4 iron imps (D)
  3 orcs (D)
  2 goblins (D)
  6 kobolds (D)
22 creatures vanquished.

Notes
Turn   | Place    | Note
-------+----------+-------------------------------------------
     0 | D        | wilfster70 the Deep Dwarf Fighter began the quest for the Orb.
     0 | D        | Reached XP level 1. HP: 20/20 MP: 1/1
     0 | D        | Found a sacrificial altar of Ru.
     0 | D        | Found a glowing silver altar of Zin.
     1 | D        | Found a bloodstained altar of Trog.
     1 | D        | Found a glowing golden altar of the Shining One.
     4 | D        | Found a snail-covered altar of Cheibriados.
     4 | D        | Found an ornate altar of the Wu Jian Council.
     5 | D        | Found an iron altar of Okawaru.
     5 | D        | Found a blossoming altar of Fedhas.
     5 | D        | Found Hegim's Staff Store.
     5 | D        | Found Yposomix's Magic Scroll Shop.
     5 | D        | Round 1.
     6 | D        | Found Istrav's Must-Have Magic.
     6 | D        | Found Abruj's Magic Scroll Shop.
     7 | D        | Found an opulent altar of Gozag.
    13 | D        | Found a corrupted altar of Lugonu.
    14 | D        | Found a stormy altar of Qazlal.
    15 | D        | Found a shadowy altar of Dithmenos.
    16 | D        | Found Suariu Rice's Delicious Food.
    17 | D        | Found Ytosuox's Jewellery.
    17 | D        | Found Nuutyl's Advanced Armour.
    17 | D        | Found a deep blue altar of Sif Muna.
    17 | D        | Found a hide-covered altar of Uskayaw.
    17 | D        | Found a burning altar of Makhleb.
    17 | D        | Found Disameogh's Identification Station.
    26 | D        | Found a roughly hewn altar of Beogh.
    27 | D        | Found Jogutoa's Premium Goods.
    28 | D        | Found Duachad's Miscellaneous Merchandise.
    28 | D        | Found Goecriyd's Basic Armour.
    28 | D        | Noticed a big kobold
    29 | D        | Found a basalt altar of Yredelemnul.
    29 | D        | Found a radiant altar of Vehumet.
    29 | D        | Found Gotyotah's Weapon Rack.
    37 | D        | Killed a big kobold
    37 | D        | Reached skill level 5 in Armour
    37 | D        | Reached skill level 5 in Shields
    37 | D        | Reached XP level 2. HP: 21/31 MP: 2/2
    37 | D        | Reached XP level 3. HP: 25/37 MP: 3/3
    37 | D        | Reached XP level 4. HP: 31/45 MP: 4/4
    38 | D        | Found a viscous altar of Jiyva.
    45 | D        | Found an ancient bone altar of Kikubaaqudgha.
    46 | D        | Found a shimmering altar of Xom.
    46 | D        | Found Atip's Do-It-Yourself Clinic.
    47 | D        | Found Qonauref's Bottled Wisdom.
    47 | D        | Found Ityth's Distillery.
    48 | D        | Found Ysaat's Distillery.
    91 | D        | Noticed a big kobold
   103 | D        | Noticed a big kobold
   122 | D        | Killed a big kobold
   122 | D        | Reached skill level 5 in Fighting
   122 | D        | Reached skill level 5 in Axes
   122 | D        | Reached XP level 5. HP: 31/52 MP: 5/5
   148 | D        | Became a worshipper of Makhleb the Destroyer
   167 | D        | Arena points: 12 (+12) [x2]
   201 | D        | Round 2.
   209 | D        | Noticed Blork the orc
   217 | D        | Killed Blork the orc
   217 | D        | Reached XP level 6. HP: 57/62 MP: 6/6
   329 | D        | Reached * piety under Makhleb
   338 | D        | Noticed an orc warrior
   351 | D        | Killed an orc warrior
   358 | D        | Reached ** piety under Makhleb
   374 | D        | Arena points: 24 (+12) [x1]
   389 | D        | Round 3.
   409 | D        | Noticed a gargoyle
   418 | D        | Killed a gargoyle
   418 | D        | Reached skill level 5 in Dodging
   418 | D        | Reached XP level 7. HP: 42/72 MP: 7/7
   481 | D        | Reached *** piety under Makhleb
   495 | D        | Arena points: 66 (+42) [x2]
   563 | D        | Round 4.
   589 | D        | Reached **** piety under Makhleb
   680 | D        | Arena points: 150 (+84) [x3]
   711 | D        | Bought a pair of faintly humming boots for 332 gold pieces
   716 | D        | Identified the +1 pair of boots of the Desolation of Salt {Stlth+} (You bought it in a shop in the Dungeon)
   740 | D        | Round 5.
   746 | D        | Noticed the 27-headed Lernaean hydra
   752 | D        | Slain by the 27-headed Lernaean hydra

Skill      XL: |  1  2  3  4  5  6  7 |
---------------+----------------------+-----
Fighting       | 4 5 6 7 |  7.9
Axes           | 4 5 7 8 9 |  9.0
Armour         | 5 6 7 9 |  9.4
Shields        | 5 6 7 9 |  9.4
Dodging        | 2 5 |  5.9

Action                   |  1- 3 |  4- 6 |  7- 9 || total
-------------------------+-------+-------+-------++-------
Melee: War axe           |     5 |    51 |    37 ||    93
Throw: Stone             |       |       |     2 ||     2
Invok: Lesser Servant of |       |       |     1 ||     1
 Abil: Heal Wounds       |       |     2 |    12 ||    14
Armor: Scale mail        |     3 |    11 |     7 ||    21
Dodge: Dodged            |       |    24 |    10 ||    34
Block: Shield            |     1 |    16 |    19 ||    36
